[Event "ICC tourney 2875 (40 10)"]
[Site "Internet Chess Club"]
[Date "2022.04.09"]
[Round "2"]
[White "Guo, Anni:movingkid"]
[Black "Yan, Ruiyang:K01-30157975"]
[Result "0-1"]
[ICCResult "White resigns"]
[WhiteElo "1700"]
[BlackElo "2193"]
[Opening "Sicilian: Taimanov variation"]
[ECO "B49"]
[NIC "SI.40"]
[Time "13:15:40"]
[PlyCount "52"]
[TimeControl "2400+10"]

1. e4 c5 2. Nf3 e6 3. d4 cxd4 4. Nxd4 Nc6 5. Nc3 Qc7 6. Be3 a6 7. Be2 Nf6 8.
a3 Be7 9. O-O O-O 10. Qd2 d6 11. f3 b5 12. Na2 Bb7 13. Rac1 Ne5 14. c4 bxc4
15. b3 d5 16. exd5 exd5 17. bxc4 Nxc4 18. Qc3 Bd6 19. Bxc4 dxc4 20. Qxc4
Bxh2+ 21. Kh1 Qxc4 22. Rxc4 Bd6 23. Ra4 Nd5 24. Bd2 Nb6 25. Rb1 Nxa4 26.
Rxb7 Rab8 {White resigns} 0-1

[Event "ICC tourney 2875 (40 10)"]
[Site "Internet Chess Club"]
[Date "2022.04.09"]
[Round "2"]
[White "DENG, HENRY:SuperPuzzler"]
[Black "WANG, ALEXANDER J:ickyquarter"]
[Result "0-1"]
[ICCResult "White resigns"]
[WhiteElo "2090"]
[BlackElo "1918"]
[Opening "Sicilian: Richter-Rauzer, Bondarevsky variation"]
[ECO "B60"]
[NIC "SI.27"]
[Time "13:15:08"]
[PlyCount "96"]
[TimeControl "2400+10"]

1. e4 c5 2. Nc3 d6 3. Nge2 Nc6 4. d4 cxd4 5. Nxd4 Nf6 6. Bg5 g6 7. Bxf6 exf6
8. Bc4 Bg7 9. Ndb5 O-O 10. Qxd6 a6 11. Qxd8 Rxd8 12. Nc7 Rb8 13. a4 Nd4 14.
O-O-O f5 15. a5 fxe4 16. Ba2 Bf5 17. N3d5 Nc6 18. Ne3 Nxa5 19. g4 Bd7 20.
Rd5 Nc6 21. Rhd1 Nb4 22. Rxd7 Nxa2+ 23. Kb1 Rxd7 24. Rxd7 Nb4 25. Nc4 Nc6
26. Nd6 Ne5 27. Re7 Bf8 28. Rxe5 Bxd6 29. Re8+ Rxe8 30. Nxe8 Be5 31. g5 Kf8
32. Nf6 Bxf6 33. gxf6 Ke8 34. Kc1 Kd7 35. Kd2 Ke6 36. Ke3 Ke5 37. h4 a5 38.
c4 b6 39. b3 h6 40. h5 gxh5 41. f4+ exf3 42. Kxf3 Kxf6 43. Kf4 h4 44. Kg4
Ke5 45. Kxh4 Kd4 46. Kh5 Kc3 47. c5 bxc5 48. b4 Kxb4 {White resigns} 0-1

[Event "ICC tourney 2875 (40 10)"]
[Site "Internet Chess Club"]
[Date "2022.04.09"]
[Round "2"]
[White "ARUTLA, ADITYA:adiaru27"]
[Black "YANG, ALEXANDER:K05-16917728"]
[Result "0-1"]
[ICCResult "White checkmated"]
[WhiteElo "1749"]
[BlackElo "1625"]
[Opening "Ruy Lopez: Classical defense deferred"]
[ECO "C70"]
[NIC "RL.09"]
[Time "13:15:24"]
[PlyCount "46"]
[TimeControl "2400+10"]

1. e4 e5 2. Nf3 Nc6 3. Bb5 a6 4. Ba4 Bc5 5. O-O Nge7 6. c3 Ng6 7. d4 Ba7 8.
d5 Nce7 9. h4 b5 10. Bb3 d6 11. h5 Nf8 12. h6 gxh6 13. a4 Rg8 14. Bxh6 Neg6
15. axb5 axb5 16. Be3 Nh4 17. Nxh4 Qxh4 18. Rxa7 Qxe4 19. g3 Rxa7 20. Bxa7
Bh3 21. f3 Rxg3+ 22. Kh2 Qh4 23. Qd4 Bg4# {White checkmated} 0-1

[Event "ICC tourney 2875 (40 10)"]
[Site "Internet Chess Club"]
[Date "2022.04.09"]
[Round "2"]
[White "QUIRKE, JEFFREY L:PawnEatingZombi"]
[Black "LENDERMAN, ALEKSANDR:manest"]
[Result "0-1"]
[ICCResult "White resigns"]
[WhiteElo "2049"]
[BlackElo "2524"]
[Opening "Queen's pawn: Keres defense"]
[ECO "A40"]
[NIC "QO.17"]
[Time "13:15:11"]
[PlyCount "68"]
[TimeControl "2400+10"]

1. d4 e6 2. c4 b6 3. e4 Bb4+ 4. Nc3 Bb7 5. Qc2 Qh4 6. Bd3 f5 7. Nf3 Bxc3+ 8.
Qxc3 Qg4 9. exf5 Qxg2 10. Rg1 Qxf3 11. d5 Ne7 12. Rg3 Qh1+ 13. Ke2 Qxh2 14.
Bg5 Qh5+ 15. Kd2 Rf8 16. Be2 Qf7 17. Bxe7 Qxe7 18. Rxg7 Qf6 19. Bh5+ Kd8 20.
Qxf6+ Rxf6 21. Rxh7 exd5 22. Rg1 c5 23. Rg8+ Kc7 24. Rhh8 Rxf5 25. Bg4 Rxf2+
26. Ke3 Rxb2 27. cxd5 Bxd5 28. Rc8+ Kb7 29. a4 Bc6 30. a5 bxa5 31. Kd3 a4
32. Kc3 Rb3+ 33. Kc2 Rb4 34. Be2 a3 {White resigns} 0-1

[Event "ICC tourney 2875 (40 10)"]
[Site "Internet Chess Club"]
[Date "2022.04.09"]
[Round "2"]
[White "BAGCHI, SOUNAK:Chesssaga"]
[Black "SHEEHAN, ETHAN THOMAS:Chessking2008"]
[Result "0-1"]
[ICCResult "White resigns"]
[WhiteElo "1888"]
[BlackElo "2250"]
[Opening "Caro-Kann: advance variation"]
[ECO "B12"]
[NIC "CK.02"]
[Time "13:15:31"]
[PlyCount "54"]
[TimeControl "2400+10"]

1. e4 c6 2. d4 d5 3. e5 c5 4. dxc5 e6 5. Nf3 Bxc5 6. a3 Ne7 7. Bd3 Ng6 8. b4
Bb6 9. Bb2 O-O 10. O-O Bd7 11. Nbd2 Ba4 12. g3 Nd7 13. Qe2 Rc8 14. Nb3 Qc7
15. h4 f6 16. Rae1 Ngxe5 17. Nxe5 Nxe5 18. Bxe5 fxe5 19. Qxe5 Qxe5 20. Rxe5
Bxb3 21. cxb3 Rc3 22. Be2 Rxg3+ 23. Kh2 Rxb3 24. Bg4 Bc7 25. Bxe6+ Kh8 26.
Bxd5 Bxe5+ 27. Kg2 Rb2 {White resigns} 0-1

[Event "ICC tourney 2875 (40 10)"]
[Site "Internet Chess Club"]
[Date "2022.04.09"]
[Round "2"]
[White "Qiao, Ethan:CougarForest"]
[Black "MENDES, AARON REEVE:K03-30164243"]
[Result "0-1"]
[ICCResult "White resigns"]
[WhiteElo "1479"]
[BlackElo "1750"]
[Opening "Sicilian: Najdorf variation"]
[ECO "B98"]
[NIC "SI.09"]
[Time "13:15:07"]
[PlyCount "88"]
[TimeControl "2400+10"]

1. e4 c5 2. Nf3 d6 3. d4 cxd4 4. Nxd4 Nf6 5. Nc3 a6 6. Bg5 e6 7. f4 Be7 8.
Qf3 Qc7 9. Bd3 Nbd7 10. O-O-O b5 11. Rhe1 Bb7 12. Qh3 Rc8 13. e5 dxe5 14.
fxe5 Nxe5 15. Nxe6 fxe6 16. Qxe6 Nxd3+ 17. Rxd3 Rd8 18. Bxf6 gxf6 19. Rg3
Qd6 20. Qxe7+ Qxe7 21. Rxe7+ Kxe7 22. Rg7+ Kd6 23. Rxb7 Rhe8 24. b3 Kc6 25.
Rxh7 b4 26. Na4 Re1+ 27. Kb2 Rdd1 28. Nc3 bxc3+ 29. Kxc3 Re2 30. Rf7 Rdd2
31. Rxf6+ Kd7 32. a4 Rxc2+ 33. Kb4 Rxg2 34. Rxa6 Rxh2 35. Rb6 Rc6 36. Rb5
Kc7 37. Rc5 Rxc5 38. Kxc5 Rh5+ 39. Kc4 Kc6 40. Kb4 Kb6 41. Ka3 Rh3 42. Kb4
Rh4+ 43. Ka3 Ka5 44. Ka2 Kb4 {White resigns} 0-1

[Event "ICC tourney 2875 (40 10)"]
[Site "Internet Chess Club"]
[Date "2022.04.09"]
[Round "2"]
[White "WANG, JEFFERY:creativechesski"]
[Black "JIN, JERRY:MysteryHunter"]
[Result "1-0"]
[ICCResult "Black resigns"]
[WhiteElo "1865"]
[BlackElo "1595"]
[Opening "Sicilian: Najdorf, Zagreb (fianchetto) variation"]
[ECO "B91"]
[NIC "SI.14"]
[Time "13:15:22"]
[PlyCount "113"]
[TimeControl "2400+10"]

1. e4 c5 2. Nf3 d6 3. d4 cxd4 4. Nxd4 Nf6 5. Nc3 a6 6. g3 e5 7. Nde2 Be6 8.
Bg2 Be7 9. O-O O-O 10. h3 Nbd7 11. a4 Qc7 12. Be3 Rac8 13. Qd2 Rfd8 14. a5
h6 15. b3 Nc5 16. f4 exf4 17. gxf4 Bd7 18. b4 Ne6 19. Bb6 Qc4 20. e5 dxe5
21. fxe5 Bc6 22. Bxd8 Rxd8 23. Qe1 Nh7 24. Bxc6 Qxc6 25. Rb1 Bxb4 26. Rxb4
Qc5+ 27. Qf2 Qxb4 28. Qxf7+ Kh8 29. Qxe6 Ng5 30. Qf5 Qxa5 31. h4 Qc5+ 32.
Kh2 Nh7 33. e6 Qc7+ 34. Qf4 Qe7 35. Qe4 Re8 36. Nf4 Qxh4+ 37. Kg2 Qg5+ 38.
Kh1 Qh4+ 39. Kg1 Qg3+ 40. Kh1 Qxc3 41. e7 Qc6 42. Ng6+ Kg8 43. Rf8+ Nxf8 44.
exf8=Q+ Rxf8 45. Ne7+ Kh8 46. Nxc6 bxc6 47. Qxc6 Rf6 48. Qa8+ Kh7 49. Qe4+
Kh8 50. c4 Kg8 51. c5 Kf8 52. c6 Rf1+ 53. Kg2 Rc1 54. Qf4+ Ke7 55. Qxc1 Kd6
56. c7 Kd7 57. c8=Q+ {Black resigns} 1-0

[Event "ICC tourney 2875 (40 10)"]
[Site "Internet Chess Club"]
[Date "2022.04.09"]
[Round "2"]
[White "ALLEN, SPENCER NATHANIEL:SpencerNA"]
[Black "LIANG, ETHAN Y:ELCCEthan488"]
[Result "1-0"]
[ICCResult "Black resigns"]
[WhiteElo "1649"]
[BlackElo "1852"]
[Opening "Sicilian: Nimzovich-Rossolimo attack (with ...g6, without ...d6)"]
[ECO "B31"]
[NIC "SI.31"]
[Time "13:15:19"]
[PlyCount "99"]
[TimeControl "2400+10"]

1. e4 c5 2. Nf3 Nc6 3. Bb5 g6 4. Bxc6 dxc6 5. Nc3 Bg7 6. O-O e5 7. d3 h6 8.
Be3 b6 9. h3 Ne7 10. a4 Be6 11. a5 O-O 12. Qd2 Kh7 13. axb6 axb6 14. Rxa8
Qxa8 15. Nh2 g5 16. b3 Ng6 17. Na4 Qb7 18. Nf3 Qa6 19. Kh2 Rb8 20. Qd1 Nf4
21. Nd2 Qc8 22. h4 f6 23. g3 Ng6 24. hxg5 hxg5 25. Rh1 Kg8 26. Qh5 Kf7 27.
Nc4 Qc7 28. Kg2 g4 29. Bxc5 Rh8 30. Nd6+ Kg8 31. Qxg6 Rxh1 32. Ne8 Qf7 33.
Qxg7+ Qxg7 34. Nxg7 Rc1 35. Nxe6 bxc5 36. c4 Kf7 37. Nexc5 Ke7 38. Nb2 Kd6
39. Nca4 Kc7 40. b4 Kb7 41. b5 cxb5 42. cxb5 Rc2 43. Nc4 Rc1 44. Nc5+ Kc7
45. b6+ Kc6 46. Nb3 Rb1 47. Nca5+ Kd7 48. Nc5+ Kc8 49. b7+ Kc7 50. Na6+
{Black resigns}
1-0

[Event "ICC tourney 2875 (40 10)"]
[Site "Internet Chess Club"]
[Date "2022.04.09"]
[Round "2"]
[White "GUSEINOV, GADIR:GGuseinov"]
[Black "TANG, ZOEY:WonderZ"]
[Result "1/2-1/2"]
[ICCResult "Game drawn because neither player has mating material"]
[WhiteElo "2711"]
[BlackElo "2072"]
[Opening "Sicilian: closed, 2...Nc6"]
[ECO "B23"]
[NIC "SI.44"]
[Time "13:15:07"]
[PlyCount "167"]
[TimeControl "2400+10"]

1. e4 c5 2. Nc3 Nc6 3. Bb5 Nd4 4. Nf3 g6 5. Ba4 Bg7 6. O-O a6 7. Nxd4 cxd4
8. Ne2 e6 9. c3 dxc3 10. dxc3 Ne7 11. Bg5 b5 12. Bc2 Bb7 13. Qd6 h6 14. Bh4
Nc8 15. Qg3 g5 16. f4 Bf6 17. fxg5 hxg5 18. Rxf6 Qxf6 19. Bxg5 Qg7 20. Rf1
Ne7 21. h4 f6 22. Rxf6 O-O-O 23. Qd6 Nc6 24. Nd4 Rdf8 25. Nxc6 Bxc6 26. Bf4
Kb7 27. Qc7+ Ka8 28. Be3 Bb7 29. Qb6 Kb8 30. Qa7+ Kc8 31. Bf4 d6 32. Rxf8+
Qxf8 33. Bg5 Qg7 34. Qd4 Qxd4+ 35. cxd4 Kd7 36. Kf2 Ke8 37. e5 dxe5 38. dxe5
Kf7 39. g4 Bd5 40. Bf6 Rc8 41. Bh7 Rc4 42. g5 Be4 43. Bxe4 Rxe4 44. Kf3 Re1
45. Kg4 Rg1+ 46. Kh5 Rg2 47. Kh6 Kg8 48. b4 Rxa2 49. Be7 a5 50. bxa5 Rxa5
51. Kg6 Ra4 52. h5 Rh4 53. h6 b4 54. h7+ Rxh7 55. Bxb4 Rg7+ 56. Kf6 Rb7 57.
Bd6 Rg7 58. Be7 Kh7 59. Kxe6 Kg6 60. Kd6 Kf7 61. Kd7 Rg8 62. e6+ Kg6 63. Bd8
Rh8 64. Bf6 Ra8 65. Bd8 Ra7+ 66. Kd6 Ra6+ 67. Kd7 Ra7+ 68. Kc6 Ra6+ 69. Bb6
Ra8 70. Be3 Ra6+ 71. Kd7 Ra3 72. Bc5 Rd3+ 73. Kc6 Rd1 74. Bb4 Rd3 75. e7 Re3
76. Kd7 Kf7 77. Bd6 Re4 78. Kd8 Kg6 79. Bf4 Kf7 80. Bd6 Kg6 81. Kd7 Kxg5 82.
Be5 Rxe5 83. e8=Q Rxe8 84. Kxe8
{Game drawn because neither player has mating material}
1/2-1/2

[Event "ICC tourney 2875 (40 10)"]
[Site "Internet Chess Club"]
[Date "2022.04.09"]
[Round "2"]
[White "Luo, Will:willluowin"]
[Black "LIVNE, OREN:orenlivne"]
[Result "1-0"]
[ICCResult "Black resigns"]
[WhiteElo "1692"]
[BlackElo "1869"]
[Opening "English: symmetrical, Rubinstein system"]
[ECO "A30"]
[NIC "EO.36"]
[Time "13:15:46"]
[PlyCount "89"]
[TimeControl "2400+10"]

1. c4 c5 2. g3 Nf6 3. Bg2 d5 4. cxd5 Nxd5 5. Nc3 Nc7 6. Nf3 Nc6 7. O-O e5 8.
d3 Be7 9. b3 O-O 10. Bb2 Be6 11. Rc1 f6 12. Na4 b6 13. Ne1 Qd7 14. Nc2 Rad8
15. Nc3 Nd4 16. Nxd4 exd4 17. Ne4 Nd5 18. Nd2 Rfe8 19. Re1 Bf8 20. a3 Nc7
21. Qc2 Nb5 22. b4 Rc8 23. Qa4 cxb4 24. axb4 Nc3 25. Qxd7 Bxd7 26. Bxc3 dxc3
27. Nc4 Bxb4 28. Rb1 Bf8 29. Ra1 b5 30. Rxa7 bxc4 31. Rxd7 cxd3 32. Rxd3 c2
33. Rc1 Rxe2 34. Bf1 Re5 35. Rd2 Rec5 36. Bd3 Rd8 37. Bxh7+ Kxh7 38. Rxd8
Be7 39. Rd2 Rf5 40. Rcxc2 Kh6 41. Kg2 g5 42. Rc7 Bc5 43. g4 Re5 44. Rdd7 Bf8
45. Rf7 {Black resigns} 1-0

[Event "ICC tourney 2875 (40 10)"]
[Site "Internet Chess Club"]
[Date "2022.04.09"]
[Round "2"]
[White "Tanenbaum, Zachary:MasterZachary"]
[Black "TANG, DYLAN:ruitang"]
[Result "0-1"]
[ICCResult "White forfeits on time"]
[WhiteElo "2247"]
[BlackElo "1817"]
[Opening "Giuoco Piano"]
[ECO "C54"]
[NIC "IG.02"]
[Time "13:15:55"]
[PlyCount "78"]
[TimeControl "2400+10"]

1. e4 e5 2. Nf3 Nc6 3. Bc4 Bc5 4. c3 Nf6 5. d3 d6 6. Nbd2 O-O 7. a4 a5 8.
Nf1 Be6 9. Bxe6 fxe6 10. Ng3 Qe8 11. O-O h6 12. d4 exd4 13. cxd4 Bb6 14. h3
e5 15. d5 Ne7 16. Nh4 Kh7 17. Qd3 Nh5 18. Ngf5 Nxf5 19. Nxf5 Qg6 20. Kh2
Rad8 21. Be3 Bxe3 22. Qxe3 Nf4 23. Ng3 h5 24. Rg1 h4 25. Nf1 c6 26. dxc6
bxc6 27. Nd2 d5 28. exd5 cxd5 29. Nf3 Rfe8 30. Nxe5 Qf5 31. Rge1 Ng6 32. f4
Nxf4 33. Qf2 Qf6 34. Nf3 Nd3 35. Qc2 Qf4+ 36. Kg1 Qc4 37. Qd2 Nxe1 38. Nxe1
Re2 39. Qxa5 Rd6 {White forfeits on time} 0-1

[Event "ICC tourney 2875 (40 10)"]
[Site "Internet Chess Club"]
[Date "2022.04.09"]
[Round "2"]
[White "Nguyen, Hoa Duc:leoman"]
[Black "SHAWKAT, SAIF:saif-shawkat"]
[Result "1-0"]
[ICCResult "Black resigns"]
[WhiteElo "2469"]
[BlackElo "1953"]
[Opening "Neo-Grünfeld, 6.O-O, main line"]
[ECO "D79"]
[NIC "QP.11"]
[Time "13:15:24"]
[PlyCount "65"]
[TimeControl "2400+10"]

1. Nf3 Nf6 2. c4 g6 3. d4 Bg7 4. g3 O-O 5. Bg2 c6 6. O-O d5 7. cxd5 cxd5 8.
Ne5 Bf5 9. Nc3 Nc6 10. Nxc6 bxc6 11. Bf4 Nh5 12. Be3 c5 13. Nxd5 e6 14. Nf4
Nxf4 15. Bxf4 cxd4 16. Bxa8 Qxa8 17. f3 e5 18. g4 Be6 19. Bg3 f5 20. gxf5
gxf5 21. Rc1 Qb7 22. Qd2 Qb6 23. b4 Bd5 24. Rc5 Bh6 25. Qc2 Qe6 26. a4 Be3+
27. Bf2 d3 28. Qxd3 Bxc5 29. Bxc5 Rf7 30. Kf2 Rg7 31. Rd1 Bc6 32. Qd8+ Qe8
33. b5 {Black resigns} 1-0

[Event "ICC tourney 2875 (40 10)"]
[Site "Internet Chess Club"]
[Date "2022.04.09"]
[Round "2"]
[White "LU, YIDING:K05-16857692"]
[Black "CHINNI, RISHABH:alphachesplayer"]
[Result "1-0"]
[ICCResult "Black forfeits on time"]
[WhiteElo "1790"]
[BlackElo "1687"]
[Opening "Giuoco Piano"]
[ECO "C50"]
[NIC "IG.02"]
[Time "13:15:16"]
[PlyCount "51"]
[TimeControl "2400+10"]

1. e4 e5 2. Nf3 Nc6 3. Bc4 Bc5 4. O-O Nf6 5. d3 d6 6. Re1 h6 7. Nbd2 O-O 8.
c3 Bb6 9. h3 Ne7 10. Bb3 Ng6 11. Nf1 Re8 12. Ng3 c6 13. d4 d5 14. dxe5 Nxe5
15. Nxe5 Rxe5 16. exd5 Rxe1+ 17. Qxe1 Nxd5 18. c4 Nf6 19. Bd2 Be6 20. Bc3
Qe7 21. Nf5 Qc5 22. Nxh6+ gxh6 23. Bxf6 Bxc4 24. Bc2 Be6 25. Qd2 Bd5 26. b4
{Black forfeits on time}
1-0

[Event "ICC tourney 2875 (40 10)"]
[Site "Internet Chess Club"]
[Date "2022.04.09"]
[Round "2"]
[White "REISS, AIDEN:K09-16581243"]
[Black "SHOLL, CRAIG H:craigsholl66"]
[Result "1-0"]
[ICCResult "Black resigns"]
[WhiteElo "1833"]
[BlackElo "1696"]
[Opening "Sicilian: Keres variation (2.Ne2)"]
[ECO "B20"]
[NIC "SI.48"]
[Time "13:15:21"]
[PlyCount "87"]
[TimeControl "2400+10"]

1. e4 c5 2. Ne2 d6 3. g3 Nc6 4. Bg2 e5 5. c3 Bg4 6. f3 Be6 7. f4 f5 8. d3
Nf6 9. O-O g6 10. fxe5 dxe5 11. Bg5 Be7 12. Qc2 h6 13. Bxf6 Bxf6 14. Nd2 Qd7
15. Rad1 O-O 16. Nc4 Rab8 17. h4 b5 18. Ne3 Ne7 19. exf5 Nxf5 20. Nxf5 Bxf5
21. Be4 Bh3 22. Rf2 Bxh4 23. gxh4 Qg4+ 24. Rg2 Bxg2 25. Bxg2 Qxh4 26. Nc1
Rf6 27. d4 Qg3 28. Qe4 Qf2+ 29. Kh2 Rf5 30. Rd3 Rbf8 31. dxe5 Rh5+ 32. Rh3
Rxh3+ 33. Kxh3 Rf5 34. Qa8+ Kg7 35. Qb7+ Rf7 36. Qe4 h5 37. Nd3 Qg1 38. e6
Rf6 39. e7 g5 40. e8=N+ Kf7 41. Nxf6 Kxf6 42. Qe5+ Kf7 43. Qf5+ Ke8 44. Qxg5
{Black resigns}
1-0

[Event "ICC tourney 2875 (40 10)"]
[Site "Internet Chess Club"]
[Date "2022.04.09"]
[Round "2"]
[White "LING, CHENXUAN:UnicornMM"]
[Black "CHIANG, JACOB:Cobysters"]
[Result "0-1"]
[ICCResult "White forfeits on time"]
[WhiteElo "1740"]
[BlackElo "1897"]
[Opening "Benoni: four pawns attack"]
[ECO "A68"]
[NIC "BI.31"]
[Time "13:15:13"]
[PlyCount "84"]
[TimeControl "2400+10"]

1. d4 Nf6 2. c4 e6 3. Nc3 c5 4. d5 exd5 5. cxd5 d6 6. e4 g6 7. f4 Bg7 8. Nf3
O-O 9. Bb5 a6 10. Bd3 b5 11. O-O Re8 12. Re1 Bg4 13. h3 Bxf3 14. Qxf3 Nbd7
15. Be3 Rc8 16. Rad1 Qc7 17. Bc2 b4 18. Nb1 c4 19. Nd2 c3 20. bxc3 Qxc3 21.
Bb3 h5 22. Nb1 Qc7 23. Nd2 Nc5 24. Rc1 Nfd7 25. e5 Qb8 26. e6 Nxb3 27. exd7
Rxc1 28. dxe8=Q+ Qxe8 29. Rxc1 Nxc1 30. Ne4 Nxa2 31. Nxd6 Qb8 32. Nc4 b3 33.
d6 b2 34. Nxb2 Bxb2 35. Qc6 Qb3 36. Qe8+ Kg7 37. d7 Qd1+ 38. Kh2 Bf6 39. Bc5
Qd5 40. Be7 Bxe7 41. Qxe7 Qd2 42. Qe5+ Kh7 {White forfeits on time} 0-1

[Event "ICC tourney 2875 (40 10)"]
[Site "Internet Chess Club"]
[Date "2022.04.09"]
[Round "2"]
[White "CHEN, RYO WENYU:e4f5"]
[Black "HO, COOPER:arsenicblast"]
[Result "1/2-1/2"]
[ICCResult "Game drawn by mutual agreement"]
[WhiteElo "2295"]
[BlackElo "1842"]
[Opening "Sicilian: Pelikan, Chelyabinsk variation"]
[ECO "B41"]
[NIC "SI.37"]
[Time "13:15:12"]
[PlyCount "128"]
[TimeControl "2400+10"]

1. e4 c5 2. Nf3 e6 3. d4 cxd4 4. Nxd4 Nf6 5. Nc3 Nc6 6. Ndb5 d6 7. Bf4 e5 8.
Bg5 a6 9. Na3 b5 10. Nd5 Be7 11. Bxf6 Bxf6 12. c4 b4 13. Nc2 Rb8 14. b3 O-O
15. g3 a5 16. Bg2 Be6 17. O-O g6 18. Nxf6+ Qxf6 19. Qxd6 Nd4 20. Nxd4 Rfd8
21. Qc7 exd4 22. Rad1 a4 23. e5 Qf5 24. Rxd4 Rdc8 25. Qa5 axb3 26. axb3 Qc2
27. Bd5 Qxb3 28. Bxe6 fxe6 29. Qa6 Re8 30. Rd7 Qf3 31. Qa7 Qf8 32. Rb1 b3
33. Rb7 Rxb7 34. Qxb7 Rb8 35. Qc7 b2 36. Qd6 Qxd6 37. exd6 Kf7 38. c5 Ke8
39. c6 Rb6 40. d7+ Kd8 41. Kg2 Rxc6 42. Rxb2 Rc7 43. Kf3 Rxd7 44. Kg4 Ke7
45. f4 Kf6 46. Rb8 Rd2 47. h4 Rd3 48. Rb5 h5+ 49. Kh3 Re3 50. Kg2 e5 51.
Rb6+ Kf5 52. fxe5 Rxe5 53. Kf3 Rc5 54. Rb8 Rc3+ 55. Kg2 Kg4 56. Rb4+ Kf5 57.
Rb5+ Kf6 58. Kh3 Rf3 59. Rb6+ Kf5 60. Kg2 Rc3 61. Rb5+ Kf6 62. Kf2 Ra3 63.
Rb4 Kf5 64. Rb6 Rc3 {Game drawn by mutual agreement} 1/2-1/2

[Event "ICC tourney 2875 (40 10)"]
[Site "Internet Chess Club"]
[Date "2022.04.09"]
[Round "2"]
[White "HU, MERRIC:K09-14686967"]
[Black "HEBDEN, MARK L:mhebden"]
[Result "1/2-1/2"]
[ICCResult "Game drawn because neither player has mating material"]
[WhiteElo "2027"]
[BlackElo "2498"]
[Opening "Two knights defense (Modern bishop's opening)"]
[ECO "C55"]
[NIC "IG.01"]
[Time "13:15:55"]
[PlyCount "168"]
[TimeControl "2400+10"]

1. e4 e5 2. Nf3 Nc6 3. Bc4 Nf6 4. d3 Be7 5. O-O d6 6. c3 O-O 7. Bb3 Nd7 8.
h3 Nc5 9. Bc2 f5 10. exf5 Bxf5 11. d4 exd4 12. Nxd4 Bxc2 13. Qxc2 d5 14.
Nxc6 bxc6 15. Be3 Bd6 16. Nd2 Qh4 17. Rad1 Rae8 18. b4 Ne6 19. Nb3 Rf6 20.
Nd4 Nf4 21. Bxf4 Qxf4 22. Nf3 Rg6 23. Rfe1 Re4 24. Kf1 Rge6 25. Qd3 h6 26.
g3 Qf6 27. Kg2 Re8 28. Qd2 Kh8 29. Nd4 c5 30. Nb5 cxb4 31. Rxe4 dxe4 32.
Nxd6 cxd6 33. cxb4 Qf3+ 34. Kh2 e3 35. Qe1 Qxf2+ 36. Qxf2 exf2 37. Rf1 Re2
38. a3 Ra2 39. Kg2 Rxa3 40. Rxf2 Kg8 41. Rd2 Ra6 42. b5 Rb6 43. Ra2 Rb7 44.
Ra6 Rd7 45. Kf3 Kf7 46. Ke4 Ke6 47. b6 axb6 48. Rxb6 Ra7 49. h4 g5 50. hxg5
Ra4+ 51. Kf3 hxg5 52. Rb5 d5 53. Rb8 g4+ 54. Ke3 Re4+ 55. Kd3 Kd6 56. Rd8+
Kc6 57. Rc8+ Kd7 58. Rb8 Ra4 59. Ke3 Kc6 60. Rc8+ Kd6 61. Rd8+ Ke6 62. Re8+
Kd7 63. Rb8 Rc4 64. Kd3 Kc6 65. Rc8+ Kb5 66. Rb8+ Ka4 67. Rd8 Kb4 68. Rb8+
Ka3 69. Rb5 Rc1 70. Ke3 Rd1 71. Kf4 Ka4 72. Rb8 Rd4+ 73. Ke5 Rd3 74. Kf4 d4
75. Kxg4 Rb3 76. Rd8 Rb4 77. Kf5 Kb3 78. g4 Kc3 79. g5 d3 80. g6 Rb7 81. Kf6
d2 82. g7 Rxg7 83. Kxg7 Kc2 84. Rxd2+ Kxd2
{Game drawn because neither player has mating material}
1/2-1/2

[Event "ICC tourney 2875 (40 10)"]
[Site "Internet Chess Club"]
[Date "2022.04.09"]
[Round "2"]
[White "Kodarapu, Ishaan:pika0008"]
[Black "CHAMPSI, IMRAN:imranchamp"]
[Result "1-0"]
[ICCResult "Black checkmated"]
[WhiteElo "1947"]
[BlackElo "1696"]
[Opening "King's Indian: 5.Nf3"]
[ECO "E90"]
[NIC "KI.20"]
[Time "13:15:20"]
[PlyCount "155"]
[TimeControl "2400+10"]

1. c4 Nf6 2. Nc3 g6 3. e4 d6 4. d4 Bg7 5. Nf3 O-O 6. h3 c5 7. d5 b5 8. cxb5
a6 9. bxa6 Nbd7 10. Be3 Qa5 11. Qd2 Bxa6 12. Bxa6 Qxa6 13. Rb1 Rfb8 14. Qc2
Nb6 15. b3 Ne8 16. Bd2 Nc7 17. a4 c4 18. O-O Rc8 19. Rfc1 cxb3 20. Qxb3 Bxc3
21. Qxb6 Bxd2 22. Nxd2 Qxb6 23. Rxb6 Ne8 24. Rxc8 Rxc8 25. a5 Ra8 26. Nc4 f5
27. Rb7 Kf8 28. exf5 gxf5 29. Kf1 Nf6 30. Rb5 Ne4 31. f3 Nc3 32. Nb6 Nxb5
33. Nxa8 Ke8 34. Nb6 Kd8 35. Ke2 Kc7 36. Ke3 Kb7 37. h4 Nc7 38. Kd4 e5+ 39.
dxe6 Nxe6+ 40. Ke3 Ka6 41. g3 f4+ 42. gxf4 Kxa5 43. Nc4+ Kb5 44. Nxd6+ Kc6
45. Nf7 Kd7 46. Ng5 Ng7 47. Ke4 h6 48. Nf7 h5 49. f5 Ke7 50. Ng5 Kf6 51.
Nh7+ Kf7 52. Ke5 Ne8 53. Ng5+ Kg7 54. Ne4 Kf7 55. f4 Nc7 56. Nd6+ Ke7 57.
f6+ Kf8 58. Kf5 Nd5 59. Kg5 Kg8 60. f5 Kh8 61. f7 Kg7 62. Kxh5 Nf4+ 63. Kg4
Nd5 64. h5 Nf6+ 65. Kh4 Nd7 66. Kg5 Nf8 67. h6+ Kh7 68. Kf6 Kxh6 69. Ke7 Nh7
70. f8=Q+ Nxf8 71. Kxf8 Kh7 72. f6 Kh8 73. Ke7 Kh7 74. f7 Kh8 75. f8=Q+ Kh7
76. Qf5+ Kg8 77. Qg6+ Kh8 78. Nf7# {Black checkmated} 1-0

[Event "ICC tourney 2875 (40 10)"]
[Site "Internet Chess Club"]
[Date "2022.04.09"]
[Round "3"]
[White "SHEEHAN, ETHAN THOMAS:Chessking2008"]
[Black "RASULOV, VUGAR:Vugar-Rasulov"]
[Result "1/2-1/2"]
[ICCResult "Game drawn by mutual agreement"]
[WhiteElo "2250"]
[BlackElo "2504"]
[Opening "QGD semi-Slav: Chigorin defense"]
[ECO "D46"]
[NIC "SL.08"]
[Time "15:31:01"]
[PlyCount "34"]
[TimeControl "2400+10"]

1. Nf3 d5 2. c4 c6 3. d4 Nf6 4. Nc3 e6 5. e3 Nbd7 6. Bd3 Bd6 7. O-O O-O 8.
e4 dxe4 9. Nxe4 Nxe4 10. Bxe4 Nf6 11. Bc2 h6 12. b3 b6 13. Bb2 Bb7 14. Qd3
c5 15. d5 Re8 16. Rfe1 Kf8 17. dxe6 Bc7 {Game drawn by mutual agreement}
1/2-1/2

[Event "ICC tourney 2875 (40 10)"]
[Site "Internet Chess Club"]
[Date "2022.04.09"]
[Round "3"]
[White "CHIANG, JACOB:Cobysters"]
[Black "ALLEN, SPENCER NATHANIEL:SpencerNA"]
[Result "1-0"]
[ICCResult "Black resigns"]
[WhiteElo "1897"]
[BlackElo "1649"]
[Opening "QGD: semi-Slav, Noteboom variation"]
[ECO "D31"]
[NIC "SL.06"]
[Time "15:30:14"]
[PlyCount "69"]
[TimeControl "2400+10"]

1. c4 e6 2. d4 d5 3. Nc3 c6 4. Nf3 dxc4 5. a4 Bb4 6. e3 b5 7. axb5 cxb5 8.
Be2 Bb7 9. O-O a6 10. Ne5 Nd7 11. Bf3 Bxf3 12. Qxf3 Nxe5 13. dxe5 Bxc3 14.
bxc3 Ne7 15. Rd1 Qb8 16. Ba3 Ra7 17. Bc5 Rb7 18. Bxe7 Kxe7 19. Rxa6 Rc8 20.
Rad6 Rcc7 21. Qg3 Qf8 22. Qg4 Rd7 23. Qd4 Qc8 24. Qh4+ f6 25. exf6+ Kf7 26.
Qxh7 Kxf6 27. Qe4 Rxd6 28. Rxd6 b4 29. cxb4 Rxb4 30. h4 c3 31. Qxb4 c2 32.
Rxe6+ Qxe6 33. Qc3+ Kg6 34. Qxc2+ Kh5 35. Qh7+ {Black resigns} 1-0